 Dungeon Crawl Stone Soup version 0.21.1-1-g345015fe64 (webtiles) character file.

81 Khress the Shield-Bearer (level 4, -1/39 HPs)
             Began as a Troll Fighter on Feb 18, 2018.
             Slain by a worm (4 damage)
             ... while paralysed by Grinder
             ... on level 3 of the Dungeon.
             The game lasted 00:10:40 (2184 turns).

Khress the Shield-Bearer (Troll Fighter)            Turns: 2184, Time: 00:10:40

Health: -1/39      AC:  5    Str: 30    XL:     4   Next: 20%
Magic:  12/12      EV:  1    Int:  4    God:
Gold:   121        SH:  0    Dex:  9    Spells: 3/3 levels left

rFire    + + .     SeeInvis .   a - +1 long sword
rCold    + . .     Gourm    +   c - +0 shield
rNeg     . . .     Faith    .   b - +0 robe
rPois    +         Spirit   .   (helmet restricted)
rElec    +         Reflect  .   (no cloak)
rCorr    +         Harm     .   (gloves unavailable)
MR       .....                  (boots unavailable)
Stlth    +.........             (no amulet)
HPRegen  0.53/turn              n - ring of magical power
MPRegen  0.13/turn              w - ring of protection from fire

@: paralysed, mighty, resistant
A: large, unfitting armour, claws 3, horns 1, fast metabolism 3, frail 1,
gourmand, regeneration 1, shaggy fur 1, tough skin 2, wild magic 1
a: no special abilities


You were on level 3 of the Dungeon.
You were not hungry.

You visited 1 branch of the dungeon, and saw 4 of its levels.

You collected 121 gold pieces.

Inventory:

Hand Weapons
 a - a +1 long sword (weapon)
 k - a +0 dagger
Missiles
 e - 15 sling bullets
 g - 48 stones
 i - 42 arrows
 o - 39 bolts
 q - 2 tomahawks (quivered)
Armour
 b - a +0 robe (worn)
 c - a +0 shield (worn)
Jewellery
 n - a ring of magical power (left claw)
 p - an uncursed ring of ice
 w - a ring of protection from fire (right claw)
Scrolls
 f - a scroll of fog
 s - 3 scrolls of remove curse
 v - a scroll of teleportation
Potions
 m - a potion of lignification
 u - 2 potions of curing
Books
 t - a book of Cantrips

   Spells                             Type                      Level
   a - Confusing Touch                Hexes                        1
   b - Animate Skeleton               Necromancy                   1
   c - Summon Small Mammal            Summoning                    1
   d - Apportation                    Translocation                1
Comestibles
 l - 3 rations


   Skills:
 + Level 2.7 Fighting
 * Level 2.8 Long Blades
 + Level 0.2 Throwing
 + Level 2.7 Dodging
 + Level 2.8 Shields


You had 3 spell levels left.
You didn't know any spells.

Dungeon Overview and Level Annotations

Branches:
Dungeon (4/15)
 Temple: D:4-7

Altars:
Ashenzari
Uskayaw

Annotations:
D:3 Grinder


Innate Abilities, Weirdness & Mutations

You are too large for most types of armour.
You have claws for hands.
Your metabolism is lightning-fast.
You like to eat raw meat.
Your natural rate of healing is unusually fast.
You are covered in fur. (AC +1)
You have very tough skin. (AC +2)
You have a pair of small horns on your head.
You are frail. (-10% HP)
Your spells are a little harder to cast, but a little more powerful.


Message History

You are too injured to fight recklessly!
You feel protected. Grinder gestures at you.
You barely resist.
You feel very mighty all of a sudden. Grinder hits you.
* * * LOW HITPOINT WARNING * * *
You writhe in agony.
* * * LOW HITPOINT WARNING * * *
You completely miss Grinder. You headbutt Grinder!
Grinder is severely wounded.
Grinder gestures at you.
You suddenly lose the ability to move!
Grinder blinks!
The bat hits you.
* * * LOW HITPOINT WARNING * * *
The worm bites you.
* * * LOW HITPOINT WARNING * * *
The worm bites you but does no damage. The worm bites you.
You die...

. .. ..# # ..
.# ###
#.####.#....
#.
#.b......###
.
#####5....?.#
##.
#..@wb##(##.$
#..
####.##### .#
#.# #....#
#.# #.####
#.####.#
######.##...#
..........###
.........##
.........#


You could see Grinder, a worm and a bat.

Vanquished Creatures
  3 adders
  A worm (D:2)
  2 dart slugs
  2 leopard geckos (D:1)
  A ball python (D:1)
  7 bats (D:1)
  4 giant cockroaches
  5 goblins
  4 hobgoblins
  3 jackals (D:2)
  3 frilled lizards
  4 kobolds
  5 rats
44 creatures vanquished.

Notes
Turn   | Place    | Note
-------+----------+-------------------------------------------
     0 | D:1      | Khress the Troll Fighter began the quest for the Orb.
     0 | D:1      | Reached XP level 1. HP: 22/22 MP: 0/0
   160 | D:1      | Reached XP level 2. HP: 28/29 MP: 1/1
   821 | D:1      | Reached XP level 3. HP: 36/36 MP: 2/2
  1247 | D:2      | Found a hide-covered altar of Uskayaw.
  1280 | D:2      | Gained mutation: You are frail. (-10% HP) [potion of mutation]
  1280 | D:2      | Gained mutation: You have a pair of small horns on your head. [potion of mutation]
  1280 | D:2      | Gained mutation: Your spells are a little harder to cast, but a little more powerful. [potion of mutation]
  1392 | D:2      | Found a shattered altar of Ashenzari.
  1778 | D:2      | Reached XP level 4. HP: 30/39 MP: 3/3
  2164 | D:3      | Noticed Grinder
  2178 | D:3      | Paralysed by Grinder for 7 turns
  2184 | D:3      | Slain by a worm

Skill      XL: |  1  2 |
---------------+-------+-----
Long Blades    | 2 |  2.8
Fighting       | |  2.7
Throwing       | |  0.2
Dodging        | |  2.7
Shields        | |  2.8

Action                   |  1- 3 |  4- 6 || total
-------------------------+-------+-------++-------
Melee: Long sword        |    97 |    22 ||   119
       Headbutt          |     1 |     5 ||     6
Throw: Tomahawk          |     7 |       ||     7
       Stone             |     1 |       ||     1
  Use: Scroll            |     3 |     2 ||     5
       Potion            |     5 |     4 ||     9
 Stab: Sleeping          |     1 |       ||     1
  Eat: Chunk             |     5 |       ||     5
       Ration            |     3 |     1 ||     4
Armor: Robe              |    31 |    11 ||    42
Dodge: Dodged            |    53 |     7 ||    60
Block: Shield            |    49 |    11 ||    60
       Rpst.: Long sword |    25 |     3 ||    28
